 Dungeon Crawl Stone Soup version 0.22-a0-110-g5b255cf (console) character file.

58 Evablue the Skirmisher (level 4, 0/38 HPs)
             Began as a Formicid Abyssal Knight on Jan 27, 2018.
             Was a Follower of Lugonu.
             Killed by nerve-wracking pain
             ... invoked by Jessica
              (11 damage)
             ... on level 2 of the Dungeon.
             The game lasted 00:02:17 (1155 turns).

Evablue the Skirmisher (Formicid Abyssal Knight)    Turns: 1155, Time: 00:02:17

Health: 0/38       AC:  5    Str: 18    XL:     4   Next: 20%
Magic:  5/5        EV: 10    Int: 11    God:    Lugonu [*.....]
Gold:   110        SH:  0    Dex: 10    Spells: 3/3 levels left

rFire    . . .     SeeInvis +   a - +2 hand axe
rCold    . . .     Gourm    .   (no shield)
rNeg     . . .     Faith    .   f - -2 ring mail
rPois    .         Spirit   .   (helmet unavailable)
rElec    .         Reflect  .   (no cloak)
rCorr    .         Harm     .   (no gloves)
MR       .....                  m - +1 pair of boots
Stlth    ..........             (no amulet)
HPRegen  0.12/turn              (no ring)
MPRegen  0.09/turn              (no ring)

@: no status effects
A: permanent stasis, dig shafts and tunnels, four strong arms, antennae 3
a: Dig, Shaft Self, Depart the Abyss, Renounce Religion


You were on level 2 of the Dungeon.
You worshipped Lugonu.
Lugonu was aware of your devotion.
You were not hungry.

You visited 1 branch of the dungeon, and saw 2 of its levels.
You visited the Abyss 1 time.

You collected 110 gold pieces.

Inventory:

Hand Weapons
 a - a +2 hand axe (weapon)
Armour
 b - a +0 leather armour
 f - a -2 ring mail (worn)
 m - a +1 pair of boots (worn)
Scrolls
 d - 3 scrolls of identify
 h - a scroll of magic mapping {unknown}
 n - 3 scrolls of teleportation
 o - 2 scrolls of amnesia {unknown}
 p - a scroll of enchant weapon
Potions
 e - a potion of cancellation {unknown}
 g - a potion of invisibility {unknown}
 i - a potion of ambrosia {unknown}
 j - a potion of heal wounds {unknown}
 k - a potion of curing {unknown}
 l - a potion of lignification {unknown}
 q - a potion of degeneration {unknown}
Comestibles
 c - 6 rations


   Skills:
 + Level 4.5 Fighting
 + Level 2.5 Axes
 + Level 2.5 Armour
 + Level 1.1 Dodging
 + Level 2.3 Invocations


You had 3 spell levels left.
You didn't know any spells.

Dungeon Overview and Level Annotations

Branches:
Dungeon (2/15)

Altars:
Cheibriados
Xom

Annotations:
D:2 Jessica


Innate Abilities, Weirdness & Mutations

You cannot be hasted, slowed, berserked, paralysed or teleported.
You can dig through walls and to a lower floor.
Your four strong arms can wield two-handed weapons with a shield.
You have a pair of large antennae on your head. (SInv)


Message History

The frilled lizard hisses angrily.
You hit Jessica.
Jessica is heavily wounded.
You hit the hobgoblin. You closely miss the adder.
The adder bites you but does no damage.
Jessica casts a spell.
Jessica seems to speed up.
The hobgoblin barely misses you. The adder bites you but does no damage.
Jessica looks very angry.
Jessica closely misses you. Jessica casts a spell at you.
Pain shoots through your body!
* * * LOW HITPOINT WARNING * * *
You hit the adder.
The adder is moderately wounded.
Jessica mumbles some strange words.
Jessica blinks!
The adder barely misses you. Jessica gestures at you while chanting.
Pain shoots through your body!
You die...

.....## ##.....##
....... ..... ...#
#..###### ######
#lg.....# ##
#.###≈≈≈.###S#####.# .#
#.##≈≈≈≈≈.##@# .#
#.#_≈≈.≈≈..#.# .#
#.##≈≈≈≈≈....# .#
#....≈≈≈....@#####.# .#
#..##.#####..>.....#
.####†.##.#####.###.####
....>.).........# #
(#####.#######..#
.......### #..#


You could see an adder, Jessica, a hobgoblin and a frilled lizard.

Vanquished Creatures
  3 adders (D:2)
  An ooze (D:2)
  A dart slug (D:2)
  A ball python (D:1)
  6 hobgoblins
  3 jackals (D:1)
  A kobold (D:2)
  A quokka (D:2)
  5 bats
  A goblin (D:2)
  A rat (D:2)
24 creatures vanquished.

Vanquished Creatures (others)
  4 toadstools (D:1)
4 creatures vanquished.

Grand Total: 28 creatures vanquished

Notes
Turn   | Place    | Note
-------+----------+-------------------------------------------
     0 | Abyss:1  | Evablue the Formicid Abyssal Knight began the quest for the Orb.
     0 | Abyss:1  | Reached XP level 1. HP: 18/18 MP: 2/2
    40 | Abyss:1  | Noticed a starcursed mass
    41 | D:1      | Escaped the Abyss
   293 | D:1      | Reached XP level 2. HP: 20/25 MP: 3/3
   293 | D:1      | Reached * piety under Lugonu
   712 | D:2      | Reached skill level 4 in Fighting
   725 | D:2      | Reached skill level 1 in Dodging
   725 | D:2      | Reached XP level 3. HP: 19/30 MP: 4/4
   947 | D:2      | Found a shimmering altar of Xom.
   949 | D:2      | Found a shimmering altar of Xom.
   950 | D:2      | Found a shimmering altar of Xom.
   950 | D:2      | Found a shimmering altar of Xom.
   961 | D:2      | Found a shimmering altar of Xom.
  1044 | D:2      | Reached XP level 4. HP: 35/38 MP: 5/5
  1138 | D:2      | Found a snail-covered altar of Cheibriados.
  1148 | D:2      | Noticed Jessica
  1155 | D:2      | Killed from afar by Jessica

Vault maps used:
D:1:      ldierk_walled_garden_2
D:2:      nicolae_gozag_seed_capital, kennysheep_slug_shrine, first_ration,
          xom_redecorated, uniq_jessica

Skill      XL: |  1  2 |
---------------+-------+-----
Fighting       | 4 |  4.5
Dodging        | 1 |  1.1
Axes           | |  2.5
Armour         | |  2.5
Invocations    | |  2.3

Action                   |  1- 3 |  4- 6 || total
-------------------------+-------+-------++-------
Melee: Hand axe          |    75 |    19 ||    94
Invok: Depart the Abyss  |     1 |       ||     1
  Use: Scroll            |     5 |       ||     5
  Eat: Chunk             |       |     1 ||     1
Armor: Ring mail         |    36 |     7 ||    43
       Leather armour    |     4 |       ||     4
Dodge: Dodged            |    53 |    13 ||    66

Table legend:
 A = Spawn XP
 B = Non-spawn XP
 C = Spawn XP percentage of total XP
 D = Spawn monster count
 E = Non-spawn monster count
 F = Spawn count percentage of total count
 G = Total turns spent on level
                    A         B        C        D         E        F      G
               +---------+---------+-------+---------+---------+-------+---------
         Total |       0 |      83 |   0.0 |       0 |      24 |   0.0 |  1155
               +---------+---------+-------+---------+---------+-------+---------
           D:1 |       0 |      18 |   0.0 |       0 |      10 |   0.0 |   649
           D:2 |       0 |      65 |   0.0 |       0 |      14 |   0.0 |   465
               +---------+---------+-------+---------+---------+-------+---------
